Map: Year Zero LE

Players

Darksidezoom - Winner!

  • Race: Zerg Zerg
  • League: Diamond
  • Spawn Location: 11:00

DerpHerder

  • Race: Terran Terran
  • Spawn Location: 1:00

VOD

Have the link to the VOD?

Description

Time

  • Played on: Jan. 25, 2019, 12:44 a.m.
  • Length: 11:30
Show
View Real Time Build Order
Export as new Build Order

Darksidezoom Zerg - Winner!

Build Orders: Hatch First 

Get SALT Encoding   

  12  0:00  Drone  
  13  0:13  Overlord  
  13  0:18  Drone  
  14  0:32  Drone x2  
  16  0:53  Hatchery  
  16  0:56  Drone  
  16  0:57  Drone  
  16  1:01  Drone  
  18  1:04  Extractor  
  17  1:19  Spawning Pool  
  17  1:22  Drone  
  17  1:25  Drone  
  17  1:29  Drone  
  19  1:39  Overlord  
  19  1:55  Overlord  
  19  2:06  Queen x2  
  19  2:07  Zergling x2  
  24  2:10  Zergling x2  
  25  2:17  Metabolic Boost  
  25  2:23  Drone x2  
  27  2:36  Drone  
  28  2:37  Drone x2  
  30  2:58  Overlord  
  30  2:59  Hatchery  
  30  3:01  Drone  
  30  3:04  Drone  
  31  3:14  Drone x4  
  31  3:19  Drone  
  36  3:26  Roach Warren  
  35  3:31  Drone x2  
  35  3:32  Drone  
  38  3:35  Drone  
  38  3:37  Drone  
  38  3:39  Drone  
  41  3:49  Lair  
  41  3:51  Queen  
  43  4:05  Extractor  
  43  4:08  Drone x2  
  43  4:09  Extractor, Drone x3  
  46  4:10  Drone x3  
  46  4:13  Drone x2  
  46  4:14  Drone  
  52  4:17  Extractor, Drone  
  52  4:20  Overlord  
  52  4:25  Queen  
  54  4:50  Drone  
  54  4:51  Drone x10  
  65  5:01  Hydralisk Den  
  65  5:06  Drone x3, Evolution Chamber  
  66  5:08  Evolution Chamber  
  66  5:09  Overlord  
  65  5:21  Extractor  
  65  5:23  Drone x2  
  65  5:24  Extractor  
  65  5:25  Overlord  
  65  5:26  Overlord  
  65  5:30  Drone x4  
  65  5:31  Drone  
  65  5:32  Overlord  
  70  5:35  Overseer  
  70  5:36  Overseer  
  70  5:38  Glial Reconstitution  
  70  5:39  Zerg Missile Weapons Level 1  
  70  5:40  Zerg Ground Armor Level 1  
  70  5:44  Drone x3  
  70  5:45  Drone x2  
  70  5:46  Drone  
  76  5:56  Drone  
  77  5:59  Hydralisk x2  
  81  6:05  Hatchery, Muscular Augments  
  81  6:07  Hydralisk x2  
  84  6:14  Hydralisk x3  
  90  6:23  Hydralisk x4  
  98  6:40  Overlord x2  
  98  6:41  Overlord x2  
  98  6:52  Overlord x2  
  98  6:58  Hydralisk x9  
  116  7:03  Hydralisk x2  
  116  7:06  Hydralisk  
  116  7:07  Hydralisk  
  124  7:10  Overlord  
  124  7:12  Overlord  
  124  7:17  Grooved Spines  
  124  7:18  Hydralisk x2  
  124  7:19  Hydralisk  
  130  7:26  Hydralisk x3  
  136  7:33  Zerg Missile Weapons Level 2  
  136  7:35  Zerg Ground Armor Level 2  
  136  7:37  Hydralisk  
  136  7:39  Hydralisk  
  136  7:41  Hydralisk  
  142  7:44  Hydralisk  
  142  7:51  Zergling x12  
  146  7:52  Zergling x2  
  151  8:02  Infestation Pit  
  151  8:03  Drone  
  151  8:19  Zergling x12  
  158  8:20  Zergling x6  
  158  8:24  Overlord x3  
  158  8:25  Overlord  
  158  8:40  Hydralisk x2  
  158  8:45  Pneumatized Carapace  
  158  8:49  Hydralisk  
  158  8:50  Hydralisk x8  
  158  8:51  Hydralisk x3  
  163  9:09  Hydralisk x5  
  136  9:23  Hydralisk  
  136  9:24  Hydralisk x7  
  136  9:28  Hive  
  152  9:37  Hydralisk x3  
  156  9:50  Spire  
  155  9:54  Hydralisk x2  
  159  10:03  Extractor, Drone x4  
  159  10:05  Extractor  
  159  10:06  Drone x3  
  166  10:07  Drone x3  
  165  10:22  Zergling x2  
  165  10:23  Zergling x24  
  178  10:43  Queen  
  178  10:45  Overlord x2  
  178  10:46  Overlord  
Show
View Real Time Build Order
Export as new Build Order

DerpHerder Terran 

Build Orders: Mech 

Get SALT Encoding   

  12  0:00  SCV  
  13  0:13  SCV  
  14  0:19  Supply Depot  
  14  0:25  SCV  
  15  0:41  SCV  
  16  0:44  Barracks  
  16  0:48  Refinery  
  16  0:53  SCV  
  17  1:05  SCV  
  18  1:17  SCV  
  19  1:31  Marine, Orbital Command  
  20  1:43  Command Center  
  20  1:56  Factory, SCV  
  21  2:02  Refinery  
  21  2:10  SCV  
  21  2:13  Barracks Tech Lab  
  21  2:15  Supply Depot  
  22  2:22  SCV  
  24  2:37  SCV  
  24  2:49  SCV  
  25  2:59  Bunker  
  25  3:01  SCV, Orbital Command  
  26  3:06  Supply Depot  
  26  3:13  SCV  
  26  3:17  Siege Tank  
  30  3:25  SCV  
  31  3:29  Supply Depot  
  31  3:32  Supply Depot  
  31  3:35  SCV  
  31  3:37  SCV  
  33  3:47  SCV  
  34  3:49  Siege Tank, SCV  
  34  3:50  Engineering Bay  
  34  3:55  Supply Depot  
  38  3:59  SCV  
  38  4:01  SCV  
  40  4:12  Command Center, SCV  
  40  4:14  SCV  
  42  4:20  Missile Turret  
  42  4:24  Missile Turret, SCV  
  43  4:26  SCV  
  43  4:28  Siege Tank  
  47  4:36  SCV  
  47  4:38  SCV  
  49  4:45  Factory  
  49  4:46  Factory  
  49  4:48  SCV  
  49  4:50  SCV  
  51  5:00  Siege Tank, SCV  
  51  5:02  SCV  
  56  5:12  SCV  
  56  5:13  Refinery  
  57  5:14  SCV  
  57  5:15  Refinery  
  58  5:24  SCV, Armory  
  58  5:26  SCV  
  60  5:34  Factory Reactor x2  
  60  5:36  SCV  
  60  5:38  SCV  
  62  5:47  Command Center  
  62  5:48  SCV  
  63  5:50  SCV  
  64  6:00  SCV  
  64  6:02  SCV  
  66  6:13  SCV  
  66  6:15  SCV  
  66  6:17  Terran Vehicle Weapons Level 1  
  68  6:22  Thor  
  68  6:23  Hellion x4  
  82  6:29  SCV  
  82  6:30  SCV  
  82  6:31  Supply Depot  
  84  6:33  Supply Depot  
  84  6:34  Orbital Command  
  84  6:45  Hellion x2  
  88  7:03  SCV x2  
  88  7:05  SCV  
  91  7:10  Thor  
  91  7:11  Hellion x2  
  91  7:12  Hellion x2  
  91  7:15  SCV x2  
  108  7:22  SCV  
  108  7:33  Hellion x3  
  114  7:43  Infernal Pre-Igniter  
  114  7:47  SCV  
  114  7:48  SCV  
  116  7:59  SCV x2  
  116  8:03  Refinery  
  118  8:06  Refinery, SCV  
  119  8:13  Command Center  
  119  8:16  Hellion x2  
  123  8:27  Terran Vehicle And Ship Armor Level 1, Supply Depot  
  123  8:28  Supply Depot  
  123  8:30  Supply Depot  
  123  8:31  Supply Depot  
  123  8:32  Armory  
  123  8:49  Thor, Hellion x2  
  133  9:00  Factory  
  133  9:01  Factory  
  126  9:07  Factory  
  81  9:26  Hellion x4  
  73  9:32  Thor  
  68  10:03  Factory Tech Lab  
  68  10:04  Factory Tech Lab  
  68  10:07  Factory Tech Lab  
  70  10:14  Hellion x3  
  70  10:15  Thor, Hellion  
  82  10:29  Siege Tank x3  
  91  10:54  Hellion x3  
  97  10:58  Siege Tank  
Tags
 
Composition
Mech
League
Diamond
Matchup
TvZ
Spawn Locations
Close Positions
Add a new tag
Caveats
  • Supply blocks, unpowered buildings, or Contaminate may cause inaccurate times.
  • Supply counts are checked every 10 seconds.